Map: Oceanborn LE

Players

Scarlett

  • Race: Zerg Zerg
  • Spawn Location: 11:00

Bunny - Winner!

  • Race: Terran Terran
  • Spawn Location: 5:00

Event: ESL Spring 2024 Finals

VOD

Have the link to the VOD?

Description

Time

  • Played on: May 31, 2024, 7:18 p.m.
  • Length: 8:56

All games in this series

Show
View Real Time Build Order
Export as new Build Order

Scarlett Zerg 

Build Orders: Hatch First 

Get SALT Encoding   

  12  0:00  Drone  
  13  0:12  Overlord  
  13  0:17  Drone  
  14  0:30  Drone x2  
  16  0:46  Hatchery  
  15  0:50  Drone  
  15  0:54  Drone  
  17  0:57  Drone  
  18  1:08  Extractor  
  17  1:12  Spawning Pool  
  17  1:15  Drone  
  17  1:18  Drone  
  18  1:28  Drone  
  19  1:38  Drone  
  20  1:49  Overlord  
  20  1:59  Queen x2  
  20  2:00  Zergling x4  
  26  2:10  Drone  
  26  2:11  Drone  
  26  2:12  Metabolic Boost  
  28  2:19  Drone  
  29  2:28  Drone  
  30  2:34  Drone  
  30  2:35  Drone, Queen  
  33  2:42  Queen  
  35  2:44  Overlord  
  35  2:56  Overlord  
  35  3:06  Drone x6  
  35  3:07  Drone x2  
  43  3:14  Overlord  
  43  3:15  Drone x2  
  45  3:25  Overlord  
  45  3:29  Hatchery  
  45  3:32  Zergling x4  
  46  3:49  Zergling x8  
  46  3:55  Zergling x12  
  56  4:00  Queen  
  58  4:08  Drone, Overlord  
  59  4:11  Extractor  
  59  4:12  Extractor  
  57  4:17  Drone x2  
  59  4:28  Drone x6  
  65  4:31  Roach Warren  
  65  4:35  Queen  
  65  4:36  Overlord x2  
  67  4:52  Zergling x2  
  67  4:53  Spine Crawler, Zergling x12  
  67  5:07  Zergling x6  
  67  5:08  Spine Crawler  
  67  5:12  Roach x4  
  70  5:14  Roach x2  
  66  5:27  Zergling x2  
  65  5:34  Zergling x16  
  67  5:48  Zergling x10  
  66  5:58  Queen  
  66  6:01  Spore Crawler  
  52  6:22  Zergling x12  
  50  6:30  Queen  
  50  6:32  Roach Warren  
  47  6:34  Queen  
  40  6:43  Zergling x4  
  31  7:13  Queen, Roach x3  
  36  7:19  Roach x3  
  41  7:23  Ravager  
  36  7:40  Ravager x2  
  36  7:41  Ravager  
  38  7:45  Roach  
  40  8:02  Ravager  
  41  8:13  Zergling x2, Roach  
  41  8:14  Zergling x2  
  45  8:25  Zergling x4  
  40  8:36  Zergling x2  
  38  8:43  Extractor  
  38  8:44  Extractor  
Show
View Real Time Build Order
Export as new Build Order

Bunny Terran - Winner!

Build Orders: Hellion Opening, Reaper Expand 

Get SALT Encoding   

  12  0:00  SCV  
  13  0:12  SCV  
  14  0:17  Supply Depot  
  14  0:24  SCV  
  15  0:38  SCV  
  15  0:39  Barracks  
  15  0:42  Refinery  
  16  0:50  SCV  
  17  1:03  SCV  
  18  1:15  SCV  
  19  1:26  Reaper  
  19  1:27  Orbital Command  
  20  1:38  Command Center  
  20  1:47  Supply Depot  
  20  1:52  SCV  
  21  1:58  Marine  
  22  2:04  SCV  
  22  2:07  Factory  
  23  2:16  SCV  
  23  2:18  Refinery  
  23  2:20  Barracks Reactor  
  24  2:28  SCV  
  25  2:40  SCV  
  26  2:50  Starport  
  26  2:52  SCV  
  26  2:53  Orbital Command  
  27  3:02  Hellion x2  
  27  3:05  Barracks Tech Lab, SCV  
  32  3:17  SCV  
  32  3:18  SCV  
  34  3:23  Marauder, Hellion x2  
  34  3:25  Supply Depot  
  40  3:29  Viking  
  42  3:39  SCV  
  43  3:44  Marauder  
  43  3:47  Hellion x2  
  49  3:50  Supply Depot, Concussive Shells  
  49  3:56  SCV  
  49  3:58  Armory  
  49  4:00  Medivac  
  52  4:06  Marauder  
  54  4:12  Hellion x2  
  58  4:18  Supply Depot, SCV  
  59  4:28  Marauder  
  59  4:30  SCV  
  62  4:38  Supply Depot  
  62  4:39  SCV  
  62  4:40  Hellion x2  
  62  4:41  Stimpack  
  62  4:44  SCV  
  68  4:52  SCV  
  69  4:58  SCV  
  70  5:02  Hellbat x2  
  70  5:03  Marine  
  70  5:04  SCV  
  69  5:10  Liberator  
  57  5:16  SCV x2  
  48  5:21  Marine  
  39  5:39  Marine  
  40  5:53  SCV x2  
  36  6:05  Marine  
  35  6:12  Hellion  
  35  6:13  Hellion  
  35  6:23  Marine  
  35  6:35  SCV x2  
  37  6:41  Marine, Medivac  
  40  6:48  SCV x2  
  40  6:51  Hellion  
  41  7:01  Hellion  
  41  7:07  Marine  
  36  7:12  SCV  
  35  7:22  SCV  
  35  7:24  SCV  
  32  7:37  SCV x2  
  32  7:43  Hellion x2  
  36  7:47  Marauder  
  36  7:52  SCV  
  36  7:53  SCV  
  34  8:05  SCV  
  38  8:09  Marauder  
  38  8:14  Cyclone  
  38  8:16  Cyclone  
  40  8:31  Marauder  
  40  8:33  SCV  
  40  8:34  SCV  
Tags
 
Add a new tag
Caveats
  • Supply blocks, unpowered buildings, or Contaminate may cause inaccurate times.
  • Supply counts are checked every 10 seconds.